 Dungeon Crawl Stone Soup version 0.17.1-1-g73c8601 (webtiles) character file.

34480 Implojin the Grappler (level 13, 0/140 HPs)
             Began as a Troll Monk on Mar 31, 2016.
             Was a High Priest of Okawaru.
             Slain by a giant leech (26 damage)
             ... on level 8 of the Lair of Beasts.
             The game lasted 00:36:40 (6253 turns).

Implojin the Grappler (Troll Monk)                  Turns: 6253, Time: 00:36:41

Health: 0/140      AC:  8    Str: 22    XL:     13   Next: 42%
Magic:  17/20      EV: 17    Int:  6    God:    Okawaru [*****.]
Gold:   547        SH:  0    Dex: 16    Spells: 0 memorised, 12 levels left

rFire  . . .     SeeInvis .       - Unarmed
rCold  + . .     Clarity  .     s - +1 robe
rNeg   . . .     SustAt   .     (no shield)
rPois  .         Gourm    +     (helmet restricted)
rElec  .         Spirit   .     I - +1 cloak {MR+}
rCorr  .         Warding  .     (gloves unavailable)
rMut   .         Stasis   .     (boots unavailable)
MR     +....                    A - amulet of regeneration
Stlth  +++.......               v - ring of ice
                                i - ring of protection from fire

@: heroism, finesse, somewhat resistant to hostile enchantments, fairly stealthy
A: unfitting armour, claws 3, fast metabolism 3, gourmand, regeneration 2,
shaggy fur 1, tough skin 2
a: Heroism, Finesse, Renounce Religion


You were on level 8 of the Lair of Beasts.
You worshipped Okawaru.
Okawaru was extremely pleased with you.
You were very full.

You visited 4 branches of the dungeon, and saw 22 of its levels.
You also visited: Sewer, Ossuary and Ice Cave.

You collected 547 gold pieces.

Inventory:

Missiles
 y - 10 tomahawks (quivered)
Armour
 s - a +1 robe (worn)
 I - a +1 cloak of magic resistance (worn)
Rods
 w - a +2 iron rod (10/10)
   (You found it on level 5 of the Dungeon)
 z - a -1 rod of clouds (11/11)
   (You found it on level 7 of the Dungeon)
Jewellery
 d - an uncursed ring of magical power
 g - an uncursed ring of teleportation
 i - a ring of protection from fire (left claw)
 v - a ring of ice (right claw)
 x - a +3 ring of intelligence
 A - an amulet of regeneration (around neck)
Wands
 j - a wand of slowing (22)
 q - a wand of frost (24)
 t - a wand of confusion (23)
 E - a wand of cold (9)
 H - a wand of lightning (0)
 M - a wand of paralysis (11)
 N - a wand of invisibility (3)
Scrolls
 a - 2 scrolls of enchant weapon {unknown}
 f - 3 scrolls of teleportation
 n - 2 scrolls of enchant armour
 o - 2 scrolls of noise
 u - 2 scrolls of remove curse
 G - a scroll of immolation
 J - a scroll of fog {unknown}
Potions
 c - 7 potions of flight
 k - 6 potions of curing
 m - 3 potions of might
 p - 3 potions of heal wounds
 C - a potion of lignification
 K - a potion of haste {unknown}
 L - a potion of magic {unknown}
Books
 e - a book of Beasts

   Spells                             Type                      Level
   a - Summon Butterflies             Summoning                    1
   b - Call Canine Familiar           Summoning                    3
   c - Summon Ice Beast               Ice/Summoning                4
   d - Summon Mana Viper              Hexes/Summoning              5
   e - Summon Hydra                   Summoning                    7
 h - a book of Ice

   Spells                             Type                      Level
   a - Ice Form                       Ice/Transmutation            4
   b - Metabolic Englaciation         Hexes/Ice                    5
   c - Ozocubu's Refrigeration        Ice                          6
   d - Bolt of Cold                   Conjuration/Ice              6
   e - Freezing Cloud                 Conjuration/Ice/Air          6
   f - Simulacrum                     Ice/Necromancy               6
 r - a Necronomicon

   Spells                             Type                      Level
   a - Haunt                          Necromancy/Summoning         7
   b - Borgnjor's Revivification      Necromancy                   8
   c - Death's Door                   Charms/Necromancy            8
   d - Necromutation                  Transmutation/Necromancy     8
 D - a book of the Warp

   Spells                             Type                      Level
   a - Recall                         Summoning/Translocation      3
   b - Gell's Gravitas                Hexes/Translocation          3
   c - Force Lance                    Conjuration/Translocation    4
   d - Phase Shift                    Translocation                5
   e - Warp Weapon                    Charms/Translocation         5
   f - Summon Forest                  Summoning/Translocation      5
 F - a book of Cantrips

   Spells                             Type                      Level
   a - Corona                         Hexes                        1
   b - Animate Skeleton               Necromancy                   1
   c - Summon Small Mammal            Summoning                    1
   d - Apportation                    Translocation                1
Comestibles
 b - 6 bread rations
 l - 3 meat rations
 B - 11 royal jellies


   Skills:
 - Level 12.0(17.0) Fighting
 * Level 6.1(11.1) Dodging
 - Level 1.1(6.1) Stealth
 - Level 12.6(17.6) Unarmed Combat
 - Level 11.2 Invocations


You had 12 spell levels left.
You didn't know any spells.

Dungeon Overview and Level Annotations

Branches:
Dungeon (12/15)            Temple (1/1) D:6            Lair (8/8) D:8
  Snake (0/4) Lair:4        Slime (0/6) Lair:8          Orc (1/4) D:10
  Swamp: Lair:3-6    Shoals: Lair:3-6

Altars:
Cheibriados
Elyvilon
Fedhas
Kikubaaqudgha
Makhleb
Nemelex Xobeh
Okawaru
Qazlal
Ru
Vehumet
Xom
Yredelemnul
Zin


Innate Abilities, Weirdness & Mutations

You are too large for most types of armour.
You have claws for hands.
Your metabolism is lightning-fast.
You like to eat raw meat.
You heal very quickly.
You are covered in fur (AC +1).
You have very tough skin (AC +2).


Message History

* * * LOW HITPOINT WARNING * * *
Unknown command.
You completely miss the giant leech. Your claw misses the giant leech.
Unknown command.
You mangle the giant leech!!
The giant leech is moderately wounded.
The giant leech bites you!!
* * * LOW HITPOINT WARNING * * *
The giant leech draws strength from your injuries!
The electric eel shoots out a bolt of lightning at you!
The bolt of electricity hits you!
* * * LOW HITPOINT WARNING * * *
The bolt of electricity hits the fungus.
A giant leech comes into view.
Unknown command.
You feel sick.
You mangle the blink frog!!
You kill the blink frog!
Okawaru accepts your kill.
Unknown command.
A giant frog comes into view.
You feel sick.
You are no longer poisoned.
The electric eel shoots out a bolt of lightning at you!
The bolt of electricity hits you!
* * * LOW HITPOINT WARNING * * *
The giant frog gives a loud, deep croak!
You claw the giant leech! Your claw misses the giant leech.
The giant leech is moderately wounded.
You claw the giant leech!
The giant leech is heavily wounded.
The giant leech bites you but does no damage.
You barely miss the giant leech.
The giant leech is heavily wounded.
You scratch the giant leech.
The giant leech is heavily wounded.
You closely miss the giant leech.
The giant leech is heavily wounded.
The giant leech bites you!!
You die...

#..P ######..####....##...#P#
...##..##......#........PP.###
#........P..#..#........P.#.#
#........#..P...##.....##....
##.........P...###.......#..P
#.([.[......PP## #..##......P
#.#........PPP..###.###.....P.
##............PP..##†#####..P..
#.............@.......####.....
#.....P........w......##.#....#
#......#.....#................#
#..#.P####...P.P.P..P..........P
####PPPP#.....P...F......PP)....
#P.........#................≈
#..........###..........P..≈.
###........### #....≈.....≈P≈≈≈
###.#.......## #........P≈≈≈≈≈P


You could see a giant leech and a giant frog.

Vanquished Creatures
  A frost giant (IceCv)
  The ghost of Implojin the Grappler, a journeyman TrFi of Okawaru (IceCv)
  2 hydras
  8 death yaks
  Nergalle (Lair:5)
  An unseen horror (D:11)
  A hill giant (D:11)
  A griffon (Lair:7)
  9 spiny frogs
  2 ice statues
  A centaur skeleton (D:11)
  A gargoyle (D:10)
  A komodo dragon (Lair:8)
  A troll (D:10)
  17 polar bears (IceCv)
  A trapdoor spider zombie (D:11)
  7 blink frogs
  Sigmund (D:6)
  The ghost of JirkfaceJones the Magician, an amateur DEWz (Ossuary)
  33 yaks
  A wraith (D:11)
  A basilisk (Lair:3)
  A hungry ghost (D:9)
  3 hippogriffs
  27 wolves
  Menkaure (D:6)
  5 nagas (Lair:4)
  4 vampire mosquitoes (Lair:8)
  4 water moccasins
  A sky beast (D:9)
  The ghost of Implojin the Ruffian, an amateur TrFi (D:5)
  A black bear (D:6)
  8 ice beasts (Lair:3)
  A centaur (D:6)
  2 ogres
  2 orc warriors
  A porcupine (Lair:2)
  A phantom (D:5)
  4 crocodiles
  2 giant frogs
  Blork the orc (D:5)
  An elf zombie (Ossuary)
  An elf skeleton (D:5)
  5 killer bees (D:9)
  2 scorpions
  3 wights (D:11)
  2 orc priests
  6 crimson imps
  An electric eel (D:9)
  2 centaur zombies
  2 giant frog zombies
  2 human zombies (D:5)
  2 hounds
  3 jellies (D:9)
  A human skeleton (D:5)
  An orc wizard (D:4)
  2 giant frog skeletons
  A killer bee zombie (D:8)
  6 worker ants
  A hound skeleton (D:9)
  2 mummies (Ossuary)
  8 adders
  A worker ant zombie (D:9)
  7 gnolls
  42 river rats
  11 oozes
  An adder zombie (D:9)
  5 worms
  18 orcs
  2 ball pythons
  7 giant cockroaches
  3 hobgoblins (D:1)
  11 jackals
  3 kobolds (D:1)
  5 quokkas
  4 bats (Sewer)
  8 giant geckos
  5 giant newts
  5 goblins
  A goblin zombie (Ossuary)
  7 hobgoblin zombies (Ossuary)
  3 jackal zombies
  14 kobold zombies (Ossuary)
  2 orc skeletons (D:5)
  10 orc zombies (Ossuary)
  3 quokka skeletons
  A rat (D:1)
  A rat zombie (Ossuary)
  A fungus (Lair:4)
  A plant (Lair:5)
399 creatures vanquished.

Vanquished Creatures (others)
  An orc priest (D:9)
  4 fungi
  A plant (Lair:8)
6 creatures vanquished.

Grand Total: 405 creatures vanquished

Notes
Turn   | Place    | Note
--------------------------------------------------------------
     0 | D:1      | Implojin the Troll Monk began the quest for the Orb.
     0 | D:1      | Reached XP level 1. HP: 22/22 MP: 0/0
    69 | D:1      | Reached XP level 2. HP: 29/29 MP: 1/1
   235 | D:3      | Reached skill level 5 in Unarmed Combat
   235 | D:3      | Reached XP level 3. HP: 36/36 MP: 2/2
   239 | D:3      | Found a glowing drain.
   256 | Sewer    | Entered a sewer
   534 | Sewer    | Reached XP level 4. HP: 44/44 MP: 3/3
   672 | D:5      | Entered Level 5 of the Dungeon
   672 | D:5      | Noticed Implojin's ghost (amateur TrFi)
   728 | D:5      | Reached skill level 6 in Unarmed Combat
   773 | D:5      | Killed Implojin's ghost
   773 | D:5      | Reached XP level 5. HP: 36/50 MP: 4/4
   834 | D:5      | Noticed Blork the orc
   844 | D:5      | Killed Blork the orc
   844 | D:5      | Reached skill level 7 in Unarmed Combat
   844 | D:5      | Reached XP level 6. HP: 46/59 MP: 5/5
   909 | D:5      | Found a sand-covered staircase.
   945 | D:5      | Reached skill level 8 in Unarmed Combat
   956 | Ossuary  | Entered an ossuary
  1049 | Ossuary  | Noticed JirkfaceJones's ghost (amateur DEWz)
  1074 | Ossuary  | Killed JirkfaceJones's ghost
  1074 | Ossuary  | Reached XP level 7. HP: 24/66 MP: 6/6
  1086 | Ossuary  | Reached skill level 9 in Unarmed Combat
  1288 | D:7      | Found a radiant altar of Vehumet.
  1430 | D:6      | Noticed Menkaure
  1454 | D:6      | Killed Menkaure
  1454 | D:6      | Reached skill level 10 in Unarmed Combat
  1508 | D:4      | Reached XP level 8. HP: 50/74 MP: 7/7
  1597 | D:6      | Noticed Sigmund
  1604 | D:6      | Killed Sigmund
  1691 | D:6      | HP: 2/74 [centaur (9)]
  1710 | D:6      | Reached skill level 11 in Unarmed Combat
  1875 | D:5      | Noticed a phantom
  1879 | D:5      | Killed a phantom
  2560 | D:5      | Reached skill level 12 in Unarmed Combat
  2797 | D:6      | Found a staircase to the Ecumenical Temple.
  2805 | D:6      | Reached XP level 9. HP: 64/80 MP: 8/8
  2807 | Temple   | Entered the Ecumenical Temple
  2843 | Temple   | Became a worshipper of Warmaster Okawaru
  2843 | Temple   | Reached * piety under Okawaru
  2843 | Temple   | Reached ** piety under Okawaru
  3086 | D:9      | Reached skill level 3 in Fighting
  3127 | D:9      | Reached skill level 4 in Fighting
  3142 | D:9      | Reached skill level 5 in Fighting
  3145 | D:9      | Reached *** piety under Okawaru
  3156 | D:9      | Reached skill level 6 in Fighting
  3260 | D:9      | Reached XP level 10. HP: 83/100 MP: 9/9
  3303 | D:10     | Entered Level 10 of the Dungeon
  3307 | D:10     | Found a staircase to the Orcish Mines.
  3321 | D:10     | Reached skill level 7 in Fighting
  3373 | Orc:1    | Entered Level 1 of the Orcish Mines
  3373 | Orc:1    | Noticed an orc knight
  3482 | D:11     | Reached skill level 8 in Fighting
  3581 | D:11     | Noticed a hill giant
  3590 | D:11     | Killed a hill giant
  3590 | D:11     | Reached **** piety under Okawaru
  3596 | D:11     | Reached skill level 9 in Fighting
  3655 | D:11     | Found a frozen archway.
  3791 | D:11     | Identified a -1 rod of clouds (11/11) (You found it on level 7 of the Dungeon)
  3824 | D:11     | Killed an unseen horror
  3824 | D:11     | Reached skill level 10 in Fighting
  3891 | D:11     | Reached ***** piety under Okawaru
  4046 | D:8      | Found a staircase to the Lair.
  4068 | Lair:1   | Entered Level 1 of the Lair of Beasts
  4082 | Lair:1   | Reached XP level 11. HP: 94/118 MP: 10/10
  4227 | Lair:1   | Reached skill level 1 in Invocations
  4229 | Lair:1   | Reached skill level 2 in Invocations
  4358 | Lair:2   | Found a burning altar of Makhleb.
  4469 | Lair:3   | Reached skill level 3 in Invocations
  4521 | Lair:3   | Found a frozen archway.
  4534 | Lair:3   | Reached skill level 4 in Invocations
  4592 | IceCv    | Entered an ice cave
  4616 | IceCv    | Received a gift from Okawaru
  4616 | IceCv    | Reached skill level 5 in Invocations
  4681 | IceCv    | Reached skill level 6 in Invocations
  4780 | IceCv    | Reached skill level 7 in Invocations
  4814 | IceCv    | Reached skill level 8 in Invocations
  4875 | IceCv    | Reached skill level 9 in Invocations
  4945 | IceCv    | Reached XP level 12. HP: 117/126 MP: 14/17
  5010 | IceCv    | Noticed a death yak
  5049 | IceCv    | Killed a death yak
  5049 | IceCv    | Reached skill level 10 in Invocations
  5065 | IceCv    | Noticed Implojin's ghost (journeyman TrFi)
  5085 | IceCv    | Killed Implojin's ghost
  5207 | IceCv    | Noticed a death yak
  5207 | IceCv    | Noticed a frost giant
  5218 | IceCv    | Killed a death yak
  5226 | IceCv    | Killed a frost giant
  5226 | IceCv    | Reached skill level 11 in Invocations
  5345 | Lair:4   | Received a gift from Okawaru
  5396 | Lair:4   | Found a staircase to the Snake Pit.
  5404 | Lair:4   | Reached skill level 11 in Fighting
  5432 | Lair:4   | Noticed a seven-headed hydra
  5504 | Lair:4   | Killed a ten-headed hydra
  5590 | Lair:5   | Noticed a four-headed hydra
  5611 | Lair:5   | Killed an 11-headed hydra
  5632 | Lair:5   | Reached XP level 13. HP: 121/139 MP: 15/20
  5663 | Lair:5   | Reached skill level 12 in Fighting
  5682 | Lair:5   | Reached skill level 3 in Dodging
  5747 | Lair:4   | Noticed Nergalle
  5747 | Lair:4   | Noticed a five-headed hydra
  5757 | Lair:5   | Killed Nergalle
  5757 | Lair:5   | Received a gift from Okawaru
  5829 | Lair:7   | Reached skill level 4 in Dodging
  5906 | Lair:7   | Reached skill level 5 in Dodging
  5927 | Lair:8   | Entered Level 8 of the Lair of Beasts
  5935 | Lair:8   | Found a staircase to the Slime Pits.
  6211 | Lair:8   | Reached skill level 6 in Dodging
  6253 | Lair:8   | Slain by a giant leech

Action                   |  1- 3 |  4- 6 |  7- 9 | 10-12 | 13-15 || total
-------------------------+-------+-------+-------+-------+-------++-------
Melee: Unarmed           |   105 |   127 |   273 |   468 |   182 ||  1155
Throw: Tomahawk          |       |       |       |     8 |     7 ||    15
Invok: Heroism           |       |       |     4 |    16 |     4 ||    24
       Finesse           |       |       |       |     6 |     3 ||     9
Evoke: Wand              |       |       |       |     4 |     1 ||     5
  Use: Scroll            |     2 |     2 |     9 |    10 |     1 ||    24
       Potion            |     1 |     1 |       |     1 |     1 ||     4
 Stab: Sleeping          |     2 |       |     3 |     4 |       ||     9
       Distracted        |       |     1 |     2 |       |       ||     3
       Invisible         |       |       |       |     8 |    11 ||    19
  Eat: Chunk             |     8 |     7 |    22 |    25 |     9 ||    71

Table legend:
 A = Turns spent in this place as a percentage of turns spent in the entire game.
 B = Non-inter-level travel turns spent in this place as a percentage of non-inter-level travel turns spent in the entire game.
 C = Inter-level travel turns spent in this place as a percentage of turns spent in this place.
 D = Turns resting spent in this place as a percentage of non-inter-level travel turns spent in this place.
 E = Turns spent auto-exploring this place as a percentage of non-inter-level travel turns spent in this place.
 F = Non-inter-level travel turns spent in this place divided by the number of levels of this place that you've seen.
                   A       B       C       D       E      F
               +-------+-------+-------+-------+-------+----------------------
         Total | 100.0 | 100.0 |   0.0 |   0.1 |   0.0 | 241.9
       Dungeon |  56.2 |  56.2 |   0.0 |   0.2 |   0.0 | 283.4
        Temple |   1.1 |   1.1 |   0.0 |   0.0 |   0.0 |  69.0
          Lair |  22.5 |  22.5 |   0.0 |   0.0 |   0.1 | 170.4
  Orcish Mines |   0.1 |   0.1 |   0.0 |   0.0 |   0.0 |   6.0
         Sewer |   5.5 |   5.5 |   0.0 |   0.0 |   0.0 | 335.0
       Ossuary |   4.1 |   4.1 |   0.0 |   0.0 |   0.0 | 247.0
      Ice Cave |  10.4 |  10.4 |   0.0 |   0.3 |   0.0 | 627.0
               +-------+-------+-------+-------+-------+----------------------

Table legend:
 A = Kills in this place as a percentage of kills in entire the game.
 B = Kills by you in this place as a percentage of kills by you in the entire game.
 C = Kills by friends in this place as a percentage of kills by friends in the entire game.
 D = Other kills in this place as a percentage of other kills in the entire game.
 E = Experience gained in this place as a percentage of experience gained in the entire game.
 F = Experience gained in this place divided by the number of levels of this place that you have seen.
                   A       B       C       D       E      F
               +-------+-------+-------+-------+-------+----------------------
         Total | 100.0 | 100.0 |  -nan |  -nan | 100.0 | 1970.3
       Dungeon |  41.8 |  41.8 |  -nan |  -nan |  21.3 | 873.5
          Lair |  28.0 |  28.0 |  -nan |  -nan |  43.4 | 2674.5
         Sewer |   5.5 |   5.5 |  -nan |  -nan |   0.1 |  73.0
       Ossuary |  10.1 |  10.1 |  -nan |  -nan |   0.9 | 430.0
      Ice Cave |  14.6 |  14.6 |  -nan |  -nan |  34.3 | 16877.0
               +-------+-------+-------+-------+-------+----------------------
